| TOP OF THE 1ST |
|
University of Florida Gators batting - Pitching for Arizona State University Sun Devils : RHP Jerry Spitler
|
|
Pitching: RHP Jerry Spitler
|
|
|
Batting: RHB Troy Morin
|
0-0: Called Strike 0-1: Ball 1-1: Ground out 3-1 (Groundball, 34, EV 84.4 MPH)
|
|
Batting: LHB Carlos Palau
|
0-0: Ground out 5-3 (Groundball, 5, EV 103.8 MPH)
|
|
Batting: LHB Andy Buschlen
|
0-0: Ball 1-0: Fly out, F6 (Popup, 6M, EV 68.8 MPH)
|
| Top of the 1st over - 0 runs, 0 hits, 0 errors, 0 left on base; University of Florida 0 - Arizona State University 0 |
| BOTTOM OF THE 1ST |
|
Arizona State University Sun Devils batting - Pitching for University of Florida Gators : RHP Phil Rankin
|
|
Pitching: RHP Phil Rankin
|
|
|
Batting: LHB Josh Corkery
|
0-0: Called Strike 0-1: Ball 1-1: Foul Ball, location: 2F 1-2: SINGLE (Groundball, 34S, EV 65.6 MPH) (infield hit)
|
|
Batting: RHB Mike Hughes
|
0-0: Called Strike Josh Corkery steals 2nd base 0-1: Swinging Strike 0-2: Foul Ball, location: 2F 0-2: SINGLE (Groundball, 56D, EV 106.9 MPH) Josh Corkery to third
|
|
Batting: RHB Wil Ochoa
|
0-0: Ball 1-0: Foul Ball, location: 2F 1-1: Ball 2-1: 3-RUN HOME RUN (Flyball, 7D, EV 91.2 MPH), Distance : 346 ft
|
|
Batting: LHB Pedro Garza
|
0-0: Called Strike 0-1: Ground out 6-3 (Groundball, P, EV 92.5 MPH)
|
|
Batting: RHB Jaylen North
|
0-0: Ball 1-0: SINGLE (Groundball, 34D, EV 104.4 MPH)
|
|
Batting: LHB Kazuyoshi Ikeda
|
0-0: Fielders Choice at 2nd, 4-6 (Groundball, 4S, EV 85.0 MPH)
|
|
Batting: RHB Yasutaka Yamasaki
|
0-0: Called Strike Kazuyoshi Ikeda steals 2nd base 0-1: Ball 1-1: Ball 2-1: Foul Ball, location: 2F 2-2: Strikes out swinging
|
| Bottom of the 1st over - 3 runs, 4 hits, 0 errors, 1 left on base; University of Florida 0 - Arizona State University 3 |
| TOP OF THE 2ND |
|
University of Florida Gators batting - Pitching for Arizona State University Sun Devils : RHP Jerry Spitler
|
|
Batting: LHB Tomas Espino
|
0-0: Foul Ball, location: 2F 0-1: Swinging Strike 0-2: Ball 1-2: Ground out 4-3 (Groundball, 34, EV 85.6 MPH)
|
|
Batting: RHB Tim Dower
|
0-0: Foul Ball, location: 2F 0-1: Fly out, F5 (Popup, 25, EV 88.8 MPH)
|
|
Batting: SHB Sun-wei Ng
|
0-0: Foul Ball, location: 2F 0-1: Foul Ball, location: 2F 0-2: Ball 1-2: Ground out 4-3 (Groundball, 4, EV 101.9 MPH)
|
| Top of the 2nd over - 0 runs, 0 hits, 0 errors, 0 left on base; University of Florida 0 - Arizona State University 3 |
| BOTTOM OF THE 2ND |
|
Arizona State University Sun Devils batting - Pitching for University of Florida Gators : RHP Phil Rankin
|
|
Batting: RHB Charles Mealer
|
0-0: Ball 1-0: Ball 2-0: Called Strike 2-1: Ground out 2-3 (Groundball, 15S, EV 66.9 MPH)
|
|
Batting: SHB Yuya Hirata
|
0-0: Fly out, F7 (Flyball, 7D, EV 95.6 MPH)
|
|
Batting: LHB Josh Corkery
|
0-0: Ball 1-0: Called Strike 1-1: Ground out 4-3 (Groundball, 4, EV 96.2 MPH)
|
| Bottom of the 2nd over - 0 runs, 0 hits, 0 errors, 0 left on base; University of Florida 0 - Arizona State University 3 |
| TOP OF THE 3RD |
|
University of Florida Gators batting - Pitching for Arizona State University Sun Devils : RHP Jerry Spitler
|
|
Batting: RHB Ryan Jennings
|
0-0: Ball 1-0: Called Strike 1-1: Ball 2-1: Foul Ball, location: 2F 2-2: Strikes out swinging
|
|
Batting: RHB Jorge Lagunas
|
0-0: Ball 1-0: Ground out 5-3 (Groundball, 56, EV 91.2 MPH)
|
|
Batting: RHB Eddie Luna
|
0-0: Called Strike 0-1: Foul Ball, location: 2F 0-2: Ball 1-2: Strikes out looking
|
| Top of the 3rd over - 0 runs, 0 hits, 0 errors, 0 left on base; University of Florida 0 - Arizona State University 3 |
| BOTTOM OF THE 3RD |
|
Arizona State University Sun Devils batting - Pitching for University of Florida Gators : RHP Phil Rankin
|
|
Batting: RHB Mike Hughes
|
0-0: Ball 1-0: Foul Ball, location: 2F 1-1: Swinging Strike 1-2: Strikes out looking
|
|
Batting: RHB Wil Ochoa
|
0-0: Called Strike 0-1: Ball 1-1: Ball 2-1: Called Strike 2-2: Foul Ball, location: 2F 2-2: Foul Ball, location: 2F 2-2: Foul Ball, location: 2F 2-2: Ball 3-2: Ground out 4-3 (Groundball, 4MS, EV 66.2 MPH)
|
|
Batting: LHB Pedro Garza
|
0-0: Ground out 4-3 (Groundball, 4, EV 105.0 MPH)
|
| Bottom of the 3rd over - 0 runs, 0 hits, 0 errors, 0 left on base; University of Florida 0 - Arizona State University 3 |
| TOP OF THE 4TH |
|
University of Florida Gators batting - Pitching for Arizona State University Sun Devils : RHP Jerry Spitler
|
|
Batting: RHB Troy Morin
|
0-0: Called Strike 0-1: Ball 1-1: DOUBLE (Flyball, 7LD, EV 98.8 MPH)
|
|
Batting: LHB Carlos Palau
|
0-0: Called Strike 0-1: Ball 1-1: Called Strike 1-2: Foul Ball, location: 2F 1-2: Ball 2-2: Ball 3-2: Strikes out swinging
|
|
Batting: LHB Andy Buschlen
|
0-0: Ball 1-0: Foul Ball, location: 2F 1-1: Called Strike 1-2: Ball 2-2: Ball 3-2: Foul Ball, location: 2F 3-2: Base on Balls
|
|
Batting: LHB Tomas Espino
|
0-0: Ball 1-0: Ball 2-0: Ball 3-0: Called Strike 3-1: Foul Ball, location: 2F 3-2: Base on Balls Troy Morin to third Andy Buschlen to second
|
|
Batting: RHB Tim Dower
|
0-0: Foul Ball, location: 2F 0-1: Ball 1-1: Swinging Strike 1-2: Strikes out swinging
|
|
Batting: SHB Sun-wei Ng
|
0-0: Foul Ball, location: 2F 0-1: Ball 1-1: Foul Ball, location: 2F 1-2: Fielders Choice at 2nd, 6-4 (Groundball, 6, EV 84.4 MPH)
|
| Top of the 4th over - 0 runs, 1 hit, 0 errors, 3 left on base; University of Florida 0 - Arizona State University 3 |
| BOTTOM OF THE 4TH |
|
Arizona State University Sun Devils batting - Pitching for University of Florida Gators : RHP Phil Rankin
|
|
Batting: RHB Jaylen North
|
0-0: Ball 1-0: Called Strike 1-1: Foul Ball, location: 2F 1-2: Ground out 1-3 (Groundball, 34S, EV 65.6 MPH)
|
|
Batting: LHB Kazuyoshi Ikeda
|
0-0: Fly out, F7 (Line Drive, 7D, EV 93.1 MPH)
|
|
Batting: RHB Yasutaka Yamasaki
|
0-0: Ball 1-0: SINGLE (Flyball, 3D, EV 84.4 MPH)
|
|
Batting: RHB Charles Mealer
|
0-0: Ball Yasutaka Yamasaki is caught stealing 2nd base 2-4
|
| Bottom of the 4th over - 0 runs, 1 hit, 0 errors, 0 left on base; University of Florida 0 - Arizona State University 3 |
| TOP OF THE 5TH |
|
University of Florida Gators batting - Pitching for Arizona State University Sun Devils : RHP Jerry Spitler
|
|
Batting: RHB Ryan Jennings
|
0-0: Fly out, F6 (Popup, 6M, EV 62.5 MPH)
|
|
Batting: RHB Jorge Lagunas
|
0-0: Called Strike 0-1: Swinging Strike 0-2: TRIPLE (Flyball, 8LXD, EV 105.6 MPH)
|
|
Batting: RHB Eddie Luna
|
0-0: Fly out, F7 (Flyball, 78D, EV 94.4 MPH) Runner from 3rd tags up, SCORES, throw by LF
|
|
Batting: RHB Troy Morin
|
0-0: DOUBLE (Line Drive, 7LM, EV 109.4 MPH)
|
|
Batting: LHB Carlos Palau
|
0-0: Ball 1-0: Ball 2-0: Fly out, F8 (Line Drive, 8LD, EV 95.6 MPH)
|
| Top of the 5th over - 1 run, 2 hits, 0 errors, 1 left on base; University of Florida 1 - Arizona State University 3 |
| BOTTOM OF THE 5TH |
|
Arizona State University Sun Devils batting - Pitching for University of Florida Gators : RHP Phil Rankin
|
|
Batting: RHB Charles Mealer
|
0-0: Swinging Strike 0-1: Swinging Strike 0-2: Foul Ball, location: 2F 0-2: Foul Ball, location: 2F 0-2: Ball 1-2: Ball 2-2: Fly out, F8 (Flyball, 8RXD, EV 105.6 MPH)
|
|
Batting: SHB Yuya Hirata
|
0-0: Called Strike 0-1: Ball 1-1: Swinging Strike 1-2: Ball 2-2: Foul Ball, location: 2F 2-2: Ball 3-2: Fly out, F9 (Flyball, 89M, EV 88.1 MPH)
|
|
Batting: LHB Josh Corkery
|
0-0: Ball 1-0: Called Strike 1-1: Fly out, F7 (Line Drive, 7, EV 90.0 MPH)
|
| Bottom of the 5th over - 0 runs, 0 hits, 0 errors, 0 left on base; University of Florida 1 - Arizona State University 3 |
| TOP OF THE 6TH |
|
University of Florida Gators batting - Pitching for Arizona State University Sun Devils : RHP Jerry Spitler
|
|
Batting: LHB Andy Buschlen
|
0-0: Fly out, F7 (Flyball, 78XD, EV 100.6 MPH)
|
|
Batting: LHB Tomas Espino
|
0-0: Swinging Strike 0-1: Called Strike 0-2: Strikes out looking
|
|
Batting: RHB Tim Dower
|
0-0: Foul Ball, location: 2F 0-1: Ball 1-1: Foul Ball, location: 2F 1-2: Strikes out looking
|
| Top of the 6th over - 0 runs, 0 hits, 0 errors, 0 left on base; University of Florida 1 - Arizona State University 3 |
| BOTTOM OF THE 6TH |
|
Arizona State University Sun Devils batting - Pitching for University of Florida Gators : RHP Phil Rankin
|
|
Batting: RHB Mike Hughes
|
0-0: Foul Ball, location: 2F 0-1: Swinging Strike 0-2: Ball 1-2: Ball 2-2: Ball 3-2: Strikes out swinging
|
|
Pitching: RHP Pete Griesser
|
|
|
Batting: RHB Wil Ochoa
|
0-0: Ball 1-0: SINGLE (Groundball, 6MS, EV 65.0 MPH) (infield hit)
|
|
Batting: LHB Pedro Garza
|
0-0: Ball 1-0: Swinging Strike 1-1: Ball 2-1: Swinging Strike 2-2: Foul Ball, location: 2F 2-2: Ball Wil Ochoa steals 2nd base 3-2: Base on Balls
|
|
Batting: RHB Jaylen North
|
0-0: Ball 1-0: Ball 2-0: Ball 3-0: Called Strike 3-1: Base on Balls Wil Ochoa to third Pedro Garza to second
|
|
Batting: LHB Kazuyoshi Ikeda
|
0-0: Fly out, F9 (Line Drive, 9D, EV 98.8 MPH) Runner from 3rd tags up, SCORES, throw by RF Pedro Garza to third
|
|
Batting: RHB Yasutaka Yamasaki
|
0-0: Foul Ball, location: 2F 0-1: Swinging Strike 0-2: Foul Ball, location: 2F 0-2: Strikes out swinging
|
| Bottom of the 6th over - 1 run, 1 hit, 0 errors, 2 left on base; University of Florida 1 - Arizona State University 4 |
| TOP OF THE 7TH |
|
University of Florida Gators batting - Pitching for Arizona State University Sun Devils : RHP Jerry Spitler
|
|
Pitching: RHP J.P. Tesauro
|
|
|
Batting: SHB Sun-wei Ng
|
0-0: Ground out 4-3 (Groundball, 4, EV 103.1 MPH)
|
|
Batting: RHB Ryan Jennings
|
0-0: Called Strike 0-1: Ball 1-1: Called Strike 1-2: Ball 2-2: Foul Ball, location: 2F 2-2: Ground out 6-3 (Groundball, 56, EV 90.6 MPH)
|
|
Batting: RHB Jorge Lagunas
|
0-0: Ball 1-0: Ball 2-0: Called Strike 2-1: Foul Ball, location: 2F 2-2: Strikes out swinging
|
| Top of the 7th over - 0 runs, 0 hits, 0 errors, 0 left on base; University of Florida 1 - Arizona State University 4 |
| BOTTOM OF THE 7TH |
|
Arizona State University Sun Devils batting - Pitching for University of Florida Gators : RHP Pete Griesser
|
|
Batting: RHB Charles Mealer
|
0-0: Ball 1-0: Ball 2-0: Ball 3-0: Called Strike 3-1: Base on Balls
|
|
Batting: SHB Yuya Hirata
|
0-0: Sac Bunt to 15S - play at first, batter OUT! 1-3 Charles Mealer to second
|
|
Batting: LHB Josh Corkery
|
0-0: Intentional Walk
|
|
Batting: RHB Mike Hughes
|
0-0: Swinging Strike 0-1: Swinging Strike 0-2: Fielders Choice at 2nd, 6-4 (Groundball, 6, EV 81.9 MPH) Charles Mealer to third
|
|
Batting: RHB Wil Ochoa
|
0-0: Foul Ball, location: 2F 0-1: Foul Ball, location: 2F 0-2: Hit by Pitch Mike Hughes to second
|
|
Batting: LHB Pedro Garza
|
0-0: Swinging Strike 0-1: Called Strike 0-2: Ball 1-2: Strikes out looking
|
| Bottom of the 7th over - 0 runs, 0 hits, 0 errors, 3 left on base; University of Florida 1 - Arizona State University 4 |
| TOP OF THE 8TH |
|
University of Florida Gators batting - Pitching for Arizona State University Sun Devils : RHP J.P. Tesauro
|
|
Batting: RHB Eddie Luna
|
0-0: Called Strike 0-1: Swinging Strike 0-2: Strikes out swinging
|
|
Batting: RHB Troy Morin
|
0-0: Ball 1-0: Foul Ball, location: 2F 1-1: Ground out 5-3 (Groundball, 56, EV 87.5 MPH)
|
|
Batting: LHB Carlos Palau
|
0-0: Fly out, F8 (Flyball, 78M, EV 91.9 MPH)
|
| Top of the 8th over - 0 runs, 0 hits, 0 errors, 0 left on base; University of Florida 1 - Arizona State University 4 |
| BOTTOM OF THE 8TH |
|
Arizona State University Sun Devils batting - Pitching for University of Florida Gators : RHP Pete Griesser
|
|
Pitching: RHP Eddie Laura
|
|
|
Pinch Hitting: RHB Tony Escamilla
|
0-0: Ball 1-0: Called Strike 1-1: Ball 2-1: Fly out, F6 (Popup, 6, EV 78.8 MPH)
|
|
Batting: LHB Kazuyoshi Ikeda
|
0-0: Ball 1-0: Ball 2-0: Ball 3-0: Base on Balls
|
|
Batting: RHB Yasutaka Yamasaki
|
0-0: Ball 1-0: Ball 2-0: Ball 3-0: Called Strike 3-1: Foul Ball, location: 2F 3-2: Foul Ball, location: 2F 3-2: Fly out, F8 (Flyball, 8LD, EV 93.8 MPH)
|
|
Batting: RHB Charles Mealer
|
0-0: Ball Kazuyoshi Ikeda is caught stealing 2nd base 2-4
|
| Bottom of the 8th over - 0 runs, 0 hits, 0 errors, 0 left on base; University of Florida 1 - Arizona State University 4 |
| TOP OF THE 9TH |
|
University of Florida Gators batting - Pitching for Arizona State University Sun Devils : RHP J.P. Tesauro
|
|
Pitching: RHP Jim Haggart
|
|
|
Now at 1B: John Moore
|
|
|
Batting: LHB Andy Buschlen
|
0-0: Ball 1-0: Ball 2-0: Ball 3-0: Called Strike 3-1: Foul Ball, location: 2F 3-2: Foul Ball, location: 2F 3-2: SINGLE (Groundball, 34S, EV 65.6 MPH) (infield hit)
|
|
Batting: LHB Tomas Espino
|
0-0: Called Strike 0-1: Foul Ball, location: 2F 0-2: Ball 1-2: Strikes out swinging
|
|
Pinch Hitting: RHB Seth Oliphant
|
0-0: Ball 1-0: Ball 2-0: Called Strike 2-1: Called Strike 2-2: Strikes out swinging
|
|
Batting: SHB Sun-wei Ng
|
0-0: Foul Ball, location: 2F 0-1: Ball 1-1: Swinging Strike 1-2: Ball 2-2: Foul Ball, location: 2F 2-2: Foul Ball, location: 2F 2-2: Strikes out swinging
|
| Top of the 9th over - 0 runs, 1 hit, 0 errors, 1 left on base; University of Florida 1 - Arizona State University 4 |
|